 Dungeon Crawl Stone Soup version 0.31-a0-986-g5e6e4ef867 (webtiles) character file.

Game seed: 691607178824991318

5409 IdlyInterested the Cleaver (level 10, -1/77 HPs)
             Began as a Demonspawn Gladiator on Nov 3, 2023.
             Slain by a spriggan
             ... wielding a +0 trident
              (6 damage)
             ... in a bailey.
             The game lasted 00:26:52 (8458 turns).

IdlyInterested the Cleaver (Demonspawn Gladiator)   Turns: 8458, Time: 00:26:52

Health: -1/77      AC: 11    Str: 19    XL:     10   Next: 40%
Magic:  10/10      EV: 16    Int:  9    God:
Gold:   211        SH:  4    Dex: 15    Spells: 9/9 levels left

rFire   . . .        A - +1 hand axe (freeze)
rCold   + . .        D - +0 buckler
rNeg    . . .        E - +2 ring mail {rPois}
rPois   +            c - +0 helmet
rElec   .            (no cloak)
rCorr   .            (no gloves)
SInv    .            (no boots)
Will    .....        (no amulet)
Stlth   +            n - ring of protection from cold
HPRegen 0.32/turn    y - +5 ring of evasion
MPRegen 0.12/turn

%: no passive effects
@: no status effects
A: icy blue scales 1, foul stench 1, powered by death 2
a: no special abilities


You were in a bailey.
You visited 2 branches of the dungeon, and saw 10 of its levels.
You also visited: Bailey.

You collected 440 gold pieces.
You spent 229 gold pieces at shops.

Inventory:

Hand Weapons
 a - a +0 war axe
 r - a +2 short sword of venom
 v - a +2 dagger of speed
 w - a +1 dagger of draining
 A - a +1 hand axe of freezing (weapon)
 C - a +0 trident
 J - a +2 vampiric whip
 P - a +1 dagger of venom
 S - a +1 dagger of electrocution
 V - a +3 dagger
Missiles
 d - 2 throwing nets
 e - a javelin
 i - 27 poisoned darts (quivered)
 k - 80 stones
 s - 3 curare-tipped darts
 T - 12 boomerangs
Armour
 c - a +0 helmet (worn)
 D - a +0 buckler (worn)
 E - a +2 ring mail of poison resistance (worn)
 X - a +0 plate armour
Magical Staves
 u - a staff of cold
Jewellery
 g - a ring of poison resistance
 n - a ring of protection from cold (left hand)
 y - a +5 ring of evasion (right hand)
 L - a ring of wizardry
 N - an amulet of faith
Talismans
 U - a serpent talisman
Wands
 j - a wand of flame (7)
 F - a wand of acid (9)
 G - a wand of polymorph (30)
 K - a wand of paralysis (3)
 W - a wand of mindburst (4)
Scrolls
 b - 4 scrolls of blinking
 h - 5 scrolls of teleportation
 l - 3 scrolls of identify
 m - a scroll of vulnerability
 o - 3 scrolls of fog
 q - a scroll of enchant armour
 t - 2 scrolls of poison
 x - 4 scrolls of immolation
 H - 3 scrolls of noise {unknown}
 O - 2 scrolls of amnesia {unknown}
Potions
 f - 6 potions of curing
 p - a potion of resistance
 z - a potion of mutation {unknown}
 B - a potion of invisibility {unknown}
 M - a potion of attraction
 Q - a potion of might {unknown}
 R - a potion of magic {unknown}


   Skills:
 + Level 6.5 Fighting
 * Level 10.6 Axes
 - Level 2.0 Throwing
 - Level 6.0 Armour
 - Level 3.0 Dodging
 - Level 2.0 Stealth
 - Level 2.0 Shields
 - Level 2.0 Unarmed Combat
 - Level 2.0 Evocations
 - Level 2.0 Shapeshifting


You had 9 spell levels left.
You didn't know any spells.
Your spell library contained the following spells:

 Spells                   Type           Power      Damage    Failure   Level
 Animate Dead             Necr           0%         N/A       100%        4
 Borgnjor's Vile Clutch   Necr/Erth      0%         N/A       100%        5
 Death Channel            Necr           0%         N/A       100%        6


Dungeon Overview and Level Annotations

Branches:
Dungeon (9/15)             Temple (1/1) D:7            Lair (0/5) D:8
    Orc (0/2) D:9          Bailey (1/1)

Altars:
Ashenzari
Cheibriados
Dithmenos
Fedhas
Gozag
Hepliaklqana
Kikubaaqudgha
Makhleb
Nemelex Xobeh
Okawaru
Ru
Sif Muna
Trog
Uskayaw
Vehumet
Wu Jian
Xom

Shops:
D:5 *


Innate Abilities, Weirdness & Mutations

You are partially covered in icy blue scales. (AC +2)
You may rarely emit foul miasma when damaged in melee.
You regenerate health from kills.


Message History

Throw: 5 darts (curare)
Press: ? - help, Shift-Dir - straight line, f/p - spriggan
Aim: a spriggan, wielding a +0 trident and wearing +1 steam dragon scales (31% to hit)
You throw a curare-tipped dart.
The curare-tipped dart barely misses the spriggan.
Throw: 4 darts (curare)
Press: ? - help, Shift-Dir - straight line, f/p - spriggan
Aim: a spriggan, wielding a +0 trident and wearing +1 steam dragon scales (31% to hit)
You throw a curare-tipped dart.
The curare-tipped dart misses the spriggan.
The spriggan barely misses you. The spriggan barely misses you.
Things that are here:
a +0 halberd; a +0 halberd; a two-headed ogre corpse You hit the spriggan but do no damage.
You closely miss the spriggan.
The spriggan hits you with a +0 trident!
* * * LOW HITPOINT WARNING * * *
You hit the spriggan. You freeze the spriggan.
The spriggan is lightly wounded.
The spriggan hits you but does no damage.
You hit the spriggan but do no damage.
The spriggan is lightly wounded.
The spriggan hits you but does no damage.
You hit the spriggan. You freeze the spriggan.
The spriggan is lightly wounded.
The spriggan barely misses you.
You hit the spriggan but do no damage.
The spriggan is lightly wounded.
You closely miss the spriggan.
The spriggan is lightly wounded.
The spriggan hits you but does no damage.
You miss the spriggan.
The spriggan is lightly wounded.
The spriggan hits you with a +0 trident!
* * * LOW HITPOINT WARNING * * *
You miss the spriggan.
The spriggan is lightly wounded.
The spriggan hits you with a +0 trident.
You die...

##..♣#♣###♣..##
##..## ##..##
##..## ##..##
#..#♣ ##..#
#..# #..# #..#
#..# #..# #).#
#..# #(.# #.@#
#(.# #.i## ♣(.#
##.)## (.##
##))#♣##~#♣#
.## ##(.).~~~..
# ##........
##(......
#######


You could see a spriggan.

Vanquished Creatures
  A two-headed ogre (Bailey)
  Grinder (D:4)
  3 spriggans (Bailey)
  A wyvern (D:8)
  A yak (D:8)
  A basilisk (D:8)
  A steam dragon (D:6)
  A water moccasin (D:6)
  6 black bears
  An ice beast (D:5)
  2 centaurs
  11 ogres
  3 kobold brigands
  4 bullfrogs
  A gnoll sergeant (D:5)
  6 killer bees (D:7)
  An electric eel (D:7)
  2 hounds
  2 orc priests
  A sleepcap (D:6)
  16 orc wizards
  4 iguanas
  9 gnolls
  9 adders
  A shadow imp (D:6)
  A white imp (D:5)
  2 ufetubi (D:6)
  2 dart slugs (D:1)
  26 orcs
  9 ball pythons
  4 bats
  12 endoplasms
  4 giant cockroaches
  6 goblins
  6 hobgoblins
  5 jackals (D:1)
  2 quokkas
  19 kobolds
  7 rats
194 creatures vanquished.

Vanquished Creatures (others)
  An orc wizard (D:6)
1 creature vanquished.

Grand Total: 195 creatures vanquished

Notes
Turn   | Place    | Note
-------+----------+-------------------------------------------
     0 | D:1      | IdlyInterested the Demonspawn Gladiator began the quest for
                  | the Orb.
     0 | D:1      | Reached XP level 1. HP: 16/16 MP: 1/1
   144 | D:1      | Reached skill level 1 in Armour
   190 | D:1      | Reached skill level 3 in Axes
   190 | D:1      | Gained mutation: You regenerate a little health from kills.
                  | [demonic ancestry]
   190 | D:1      | Reached XP level 2. HP: 14/22 MP: 2/2
   336 | D:1      | Reached skill level 1 in Stealth
   416 | D:1      | Reached XP level 3. HP: 23/27 MP: 3/3
   440 | D:1      | Reached skill level 1 in Evocations
   966 | D:2      | Reached skill level 1 in Shields
  1474 | D:2      | Reached XP level 4. HP: 33/33 MP: 4/4
  1759 | D:3      | Reached skill level 1 in Unarmed Combat
  1767 | D:3      | Found a sparkling altar of Nemelex Xobeh.
  1904 | D:3      | Reached skill level 1 in Shapeshifting
  2154 | D:3      | Found an opulent altar of Gozag.
  2251 | D:3      | Reached skill level 4 in Axes
  2390 | D:3      | Gained mutation: You regenerate health from kills. [demonic
                  | ancestry]
  2390 | D:3      | Reached XP level 5. HP: 36/38 MP: 5/5
  2793 | D:4      | Noticed an ogre
  2803 | D:4      | Killed an ogre
  2913 | D:4      | Reached XP level 6. HP: 44/44 MP: 6/6
  2952 | D:4      | Reached skill level 5 in Axes
  3092 | D:4      | Noticed Grinder
  3108 | D:4      | Paralysed by Grinder for 3 turns
  3116 | D:4      | Killed Grinder
  3117 | D:4      | Reached skill level 6 in Axes
  3171 | D:4      | You fall into a shaft and drop 2 floors!
  3173 | D:5      | Entered Level 5 of the Dungeon
  3259 | D:5      | Gained mutation: You are partially covered in icy blue
                  | scales. (AC +2) [demonic ancestry]
  3259 | D:5      | Reached XP level 7. HP: 28/50 MP: 7/7
  3983 | D:5      | Reached XP level 8. HP: 40/60 MP: 8/8
  4058 | D:5      | Reached skill level 7 in Axes
  4355 | D:5      | Found Duveob's Assorted Antiques.
  4358 | D:5      | Bought 3 scrolls labelled KAGEUKKAERR for 87 gold pieces
  4358 | D:5      | Bought a coppery potion for 26 gold pieces
  4387 | D:5      | Found a shimmering blue altar of Sif Muna.
  4395 | D:5      | Found a burning altar of Makhleb.
  4400 | D:5      | Found a blossoming altar of Fedhas.
  4820 | D:5      | Bought a sharpened copper wand for 116 gold pieces
  4935 | D:6      | Reached skill level 5 in Fighting
  5368 | D:6      | Reached skill level 8 in Axes
  5368 | D:6      | Reached skill level 5 in Armour
  5616 | D:6      | Reached XP level 9. HP: 30/68 MP: 9/9
  6196 | D:7      | Found a staircase to the Ecumenical Temple.
  6203 | Temple   | Entered the Ecumenical Temple
  6810 | D:7      | Found a broken altar of Ashenzari.
  6813 | D:7      | Found a hide-covered altar of Uskayaw.
  7302 | D:8      | Found an ancient bone altar of Kikubaaqudgha.
  7538 | D:8      | Found a staircase to the Lair.
  7550 | D:8      | Reached skill level 9 in Axes
  8198 | D:9      | Found a flagged portal.
  8227 | Bailey   | Entered a bailey
  8255 | Bailey   | Gained mutation: You may rarely emit foul miasma when
                  | damaged in melee. [demonic ancestry]
  8255 | Bailey   | Reached XP level 10. HP: 52/76 MP: 10/10
  8309 | Bailey   | Reached skill level 10 in Axes
  8348 | Bailey   | Identified the +0 swamp dragon scales "Puloesea" {rElec
                  | rPois rC- Dex-4 SInv}
  8434 | Bailey   | Noticed a two-headed ogre
  8444 | Bailey   | Killed a two-headed ogre
  8458 | Bailey   | Slain by a spriggan

Illustrated notes

Levels and vault maps discovered:
D:1:      minmay_arrival_stair_chambers, layout_basic, moated_statue,
          minmay_statues_item, minmay_unequal
D:2:      layout_loops_corners
D:3:      layout_basic, mainiacjoe_overflow_brackets, grunt_gozag_statues
D:4:      layout_basic, uniq_grinder
D:5:      layout_cave_pods, minmay_overflow_temple_star_quad, serial_shops,
          nicolae_shop_real_fake_doors, mrwooster_statue_mirror
D:6:      minmay_flawed_box, layout_basic
D:7:      layout_basic, nicolae_overflow_squiral, minmay_temple_entry_wispy
D:8:      layout_loops_ring, nicolae_kikubaaqudgha_miasma_corner,
          david_lair_generic
D:9:      layout_basic, erik_orc_3, enter_bailey_4
Temple:   nicolae_temple_no_exploring_needed
Bailey:   bailey_polearm_enchanted_keep_hellmonk, bailey

Skill      XL: |  1  2  3  4  5  6  7  8  9 10 |
---------------+-------------------------------+-----
Armour         | 1 2 3 5 6 |  6.0
Axes           | 3 4 6 8 9 10 | 10.6
Stealth        | 1 2 |  2.0
Evocations     | 1 2 |  2.0
Shields        | 1 2 |  2.0
Unarmed Combat | 1 2 |  2.0
Shapeshifting  | 1 2 |  2.0
Throwing       | 2 |  2.0
Dodging        | 3 |  3.0
Fighting       | 4 5 6 |  6.5

Action                     |  1- 3 |  4- 6 |  7- 9 | 10-12 || total
---------------------------+-------+-------+-------+-------++-------
  Melee: War axe           |   110 |   135 |   520 |       ||   765
         Punch             |     2 |     4 |       |       ||     6
         Hand axe          |       |       |    11 |    63 ||    74
  Throw: Javelin           |       |     1 |     1 |       ||     2
         Dart              |       |     5 |    11 |    11 ||    27
         Stone             |       |     1 |     2 |       ||     3
         Throwing net      |       |       |     1 |       ||     1
         Boomerang         |       |       |       |     2 ||     2
  Evoke: Wand              |       |       |       |     2 ||     2
    Use: Potion            |     2 |       |     5 |     1 ||     8
         Scroll            |       |       |     9 |       ||     9
 Armour: Leather armour    |    17 |       |       |       ||    17
         Ring mail         |    62 |    63 |   374 |    29 ||   528
  Dodge: Dodged            |    78 |   100 |   470 |    28 ||   676
  Block: Buckler           |       |       |   122 |     9 ||   131

Table legend: (Time is in decaauts)
 A = Elapsed time spent in this place.
 B = Non-inter-level travel time spent in this place.
 C = Inter-level travel time spent in this place.
 D = Time resting spent in this place.
 E = Time spent auto-exploring this place.
 F = Levels seen in this place.
 G = Mean time per level.
                   A        B        C        D        E       F      G
               +--------+--------+--------+--------+--------+-----+--------+
         Total |   8549 |   8004 |    545 |    943 |   4990 |  11 |  777.2 |
       Dungeon |   8324 |   7779 |    545 |    879 |   4976 |   9 |  924.9 |
        Temple |      1 |      1 |      0 |      0 |      0 |   1 |    1.0 |
        Bailey |    223 |    223 |      0 |     64 |     13 |   1 |  223.0 |
               +--------+--------+--------+--------+--------+-----+--------+

Top non-repeatable levels by time:
     D:5: 1443 daAuts
     D:6: 1371 daAuts
     D:3: 1082 daAuts
     D:7: 1070 daAuts
     D:2: 863 daAuts
     D:1: 834 daAuts
     D:8: 768 daAuts
     D:4: 744 daAuts
  Bailey: 223 daAuts
     D:9: 146 daAuts
  Temple: 1 daAuts
